 Dungeon Crawl Stone Soup version 0.31.0-12-g77e489cdc1 (webtiles) character file.

Game seed: 238192785968766006

2955 Gadfly the Insei (level 9, -2/68 HPs)
             Began as a Demonspawn Monk on Feb 12, 2024.
             Was a Believer of Ru.
             Killed from afar by Joseph (14 damage)
             ... with an iceblast
             ... on level 7 of the Dungeon.
             The game lasted 00:13:49 (7195 turns).

Gadfly the Insei (Demonspawn Monk)                  Turns: 7195, Time: 00:13:49

Health: -2/68      AC:  8    Str: 16    XL:     9   Next: 52%
Magic:  9/9        EV: 14    Int: 10    God:    Ru [**....]
Gold:   402        SH:  0    Dex: 16    Spells: 8/8 levels left

rFire   . . .        b - +5 spear (venom)
rCold   . . .        c - orb {light}
rNeg    . . .        h - +3 leather armour {rPois}
rPois   +            (helmet restricted)
rElec   .            (no cloak)
rCorr   .            k - +0 pair of gloves
SInv    .            (no boots)
Will    .....        (no amulet)
Stlth   +            (no ring)
HPRegen 0.31/turn    (no ring)
MPRegen 0.11/turn

%: no passive effects
@: glowing
A: horns 1, yellow scales 2, demonic guardian 2, weak-willed 1, disrupted magic
1, deformed body, MP-powered wands, persistent drain
a: Renounce Religion


You were on level 7 of the Dungeon.
You worshipped Ru.
Ru was pleased with you.
You visited 2 branches of the dungeon, and saw 8 of its levels.

You collected 402 gold pieces.

Inventory:

Hand Weapons
 b - a +5 spear of venom (weapon)
 d - a +2 dagger of draining
 p - a +2 flail of protection
Armour
 c - an orb of light (worn)
 h - a +3 leather armour of poison resistance (worn)
 k - a +0 pair of gloves (worn)
 o - a +2 leather armour of positive energy
Wands
 m - a wand of iceblast (18) (quivered)
Scrolls
 a - 2 scrolls of teleportation
 j - 2 scrolls of identify
 l - a scroll of enchant armour
 q - a scroll of blinking
Potions
 e - a potion of heal wounds
 f - a potion of haste
 g - a potion of enlightenment
 i - a potion of attraction
 n - 2 potions of ambrosia


   Skills:
 - Level 5.3 Fighting
 * Level 5.8 Dodging
 * Level 6.7 Unarmed Combat
 * Level 5.8 Evocations
 * Level 5.3 Shapeshifting


You had 8 spell levels left.
You didn't know any spells.
Your spell library contained the following spells:

 Spells                   Type           Power      Damage    Failure   Level
 Sandblast                Erth           0%         2d4       52%         1
 Slow                     Hex            0%         N/A       52%         1
 Lesser Beckoning         Tloc           0%         N/A       65%         2
 Scorch                   Fire           0%         2d5       65%         2
 Confusing Touch          Hex            0%         N/A       86%         3
 Gell's Gravitas          Tloc           0%         N/A       86%         3
 Hailstorm                Conj/Ice       0%         3d5       86%         3
 Passwall                 Erth           0%         N/A       86%         3
 Sigil of Binding         Hex            0%         N/A       86%         3
 Stone Arrow              Conj/Erth      0%         3d7       86%         3
 Summon Ice Beast         Ice/Summ       0%         N/A       86%         3
 Teleport Other           Tloc           0%         N/A       86%         3
 Vampiric Draining        Necr           0%         2d6       86%         3
 Brom's Barrelling Bould  Conj/Erth      0%         2d3       99%         4
 Flame Wave               Conj/Fire      0%         2d4       99%         4
 Iskenderun's Battlesphe  Conj           0%         2d6       100%        5
 Bombard                  Conj/Erth      0%         9d1       100%        6
 Sculpt Simulacrum        Ice/Alch       0%         N/A       100%        6
 Summon Cactus Giant      Summ           0%         N/A       100%        6
 Spellforged Servitor     Conj/Summ      0%         N/A       100%        7


Dungeon Overview and Level Annotations

Branches:
Dungeon (7/15)             Temple (1/1) D:4

Altars:
Ashenzari
Cheibriados
Fedhas
Gozag
Hepliaklqana
Kikubaaqudgha
Makhleb
Okawaru
Qazlal
Ru
Vehumet
Wu Jian
Xom
Yredelemnul

Portals:
Abyss: D:7

Annotations:
D:7 2 transporters, Joseph; Lhightning's ghost, novice HOMo


Innate Abilities, Weirdness & Mutations

You have a pair of small horns on your head.
You are mostly covered in yellow scales. (AC +3)
A demonic guardian rushes to your aid.
You are slightly weak-willed. (Will-)
Your casting is slightly disrupted.
Armour fits poorly on your strangely shaped body.
You expend magic power (3 MP) to strengthen your wands.
Your health recovers twice as slowly from being drained.


Message History

Failed to move towards target.
Failed to move towards target.
You now have 402 gold pieces (gained 12).
You open the door.
There is an open door here.
You pick up a book of Geomancy and begin reading...
You add the spells Sandblast, Passwall, Stone Arrow and Brom's Barrelling Boulder to your library.
j - 2 scrolls of identify (gained 1) Joseph, a Mercenary comes into view.
He is wielding a +0 quarterstaff and carrying a wand of iceblast.
Joseph unwields a +0 quarterstaff.
Joseph wields a +1 sling of freezing.
It is covered in frost.
Joseph shoots a sling bullet.
The sling bullet hits you!
A demonic guardian appears!
The sling bullet freezes you.
Joseph is nearby!
You reach to attack!
You barely miss Joseph.
Joseph zaps a wand.
The mass of ice explodes!
The iceblast engulfs you!
You reach to attack!
You hit Joseph.
Joseph is lightly wounded.
Joseph shoots a sling bullet.
The sling bullet hits you! The sling bullet freezes you.
You are too injured to fight recklessly!
You are too injured to fight recklessly!
You are too injured to fight recklessly!
You are too injured to fight recklessly!
You are too injured to fight recklessly!
You are too injured to fight recklessly!
You are too injured to fight recklessly!
You are too injured to fight recklessly!
You are too injured to fight recklessly!
You are too injured to fight recklessly!
You are too injured to fight recklessly!
You are too injured to fight recklessly!
You are too injured to fight recklessly!
Unknown command.
You start resting.
Something barely misses your hellwing. Something hits your hellwing.
You swap places.
Joseph hits you with a +0 quarterstaff!
* * * LOW HITPOINT WARNING * * *
Joseph zaps a wand.
The mass of ice explodes!
The iceblast engulfs you!
You die...

#.##...##..# #.. #
#..##...### .^ #.
#..##)..#.##.#
##.##...##.##..#$#.
##...#....###..##..!
##.
#...........#..#.
#..###.........## .
#@.#......##### ."
##.@.#...##.##.∩ ##
#4###....#Wg.W# ©##
#.# #....####..##..#
#.###.......####....
##...#..............
##.##..............
#.########......##
#.# #####'## #.# ###
#.###


You could see Joseph (ally target), Lhightning's ghost and a friendly hellwing
(summoned).

Vanquished Creatures
  Prince Ribbit (D:7)
  3 ice beasts
  2 orc warriors
  A black bear (D:4)
  A sky beast (D:6)
  An ogre (D:5)
  A centaur (D:4)
  A kobold brigand (D:5)
  A bullfrog (D:6)
  2 scorpions
  A wight (D:6)
  2 howler monkeys
  A bombardier beetle (D:4)
  5 hounds
  5 orc priests
  A sleepcap (D:7)
  5 iguanas
  7 orc wizards
  5 adders
  7 gnolls
  A white imp (D:5)
  2 ufetubi (D:5)
  A dart slug (D:2)
  41 orcs
  6 endoplasms
  5 giant cockroaches
  8 goblins
  7 hobgoblins
  4 jackals (D:4)
  6 quokkas
  7 ball pythons
  2 bats (D:2)
  4 frilled lizards
  15 kobolds
  6 rats
168 creatures vanquished.

Vanquished Creatures (collateral kills)
  Grinder (D:4)
  A gnoll sergeant (D:5)
  4 wights (D:6)
  A jelly (D:4)
  2 orc priests
  2 orc wizards (D:6)
  A statue (D:6)
  An adder (D:4)
  A gnoll (D:5)
  5 orcs
19 creatures vanquished.

Grand Total: 187 creatures vanquished

Notes
Turn   | Place    | Note
-------+----------+-------------------------------------------
     0 | D:1      | Gadfly the Demonspawn Monk began the quest for the Orb.
     0 | D:1      | Reached XP level 1. HP: 18/18 MP: 1/1
   223 | D:1      | Gained mutation: A weak demonic guardian rushes to your
                  | aid. [demonic ancestry]
   223 | D:1      | Reached XP level 2. HP: 22/24 MP: 2/2
   500 | D:1      | Reached skill level 3 in Unarmed Combat
   715 | D:1      | Reached skill level 1 in Evocations
  1120 | D:2      | Reached XP level 3. HP: 29/29 MP: 3/3
  1122 | D:2      | Reached skill level 1 in Shapeshifting
  1539 | D:2      | Gained mutation: You are partially covered in yellow
                  | scales. (AC +2) [demonic ancestry]
  1539 | D:2      | Reached XP level 4. HP: 34/35 MP: 4/4
  1700 | D:3      | Found a broken altar of Ashenzari.
  2041 | D:3      | Found an iron altar of Okawaru.
  2059 | D:3      | Gained mutation: You are mostly covered in yellow scales.
                  | (AC +3) [demonic ancestry]
  2059 | D:3      | Reached XP level 5. HP: 35/41 MP: 5/5
  2412 | D:4      | Noticed a black bear
  2539 | D:4      | Killed a black bear
  2540 | D:4      | Reached skill level 4 in Unarmed Combat
  2540 | D:4      | Reached XP level 6. HP: 27/47 MP: 6/6
  2828 | D:4      | Found a staircase to the Ecumenical Temple.
  2853 | Temple   | Entered the Ecumenical Temple
  2868 | Temple   | Became a worshipper of Ru the Awakened
  2869 | Temple   | Gained mutation: You are slightly weak-willed. (Will-) [Ru
                  | sacrifice]
  2869 | Temple   | Reached * piety under Ru
  2932 | D:4      | Gained mutation: A demonic guardian rushes to your aid.
                  | [demonic ancestry]
  2932 | D:4      | Reached XP level 7. HP: 38/52 MP: 7/7
  3591 | D:4      | Noticed Grinder
  3606 | D:4      | Paralysed by Grinder for 5 turns
  3620 | D:4      | Killed Grinder
  3621 | D:4      | Reached skill level 5 in Unarmed Combat
  3621 | D:4      | Gained mutation: You have a pair of small horns on your
                  | head. [demonic ancestry]
  3621 | D:4      | Reached XP level 8. HP: 35/60 MP: 8/8
  3968 | D:5      | Entered Level 5 of the Dungeon
  3987 | D:5      | Found a hazy altar of Hepliaklqana.
  4000 | D:5      | Found a burning altar of Makhleb.
  5215 | D:5      | Reached skill level 5 in Fighting
  5309 | D:5      | Gained mutation: Your health recovers twice as slowly from
                  | being drained. [potion of mutation]
  5309 | D:5      | Gained mutation: You expend magic power (3 MP) to
                  | strengthen your wands. [potion of mutation]
  5309 | D:5      | Gained mutation: Armour fits poorly on your strangely
                  | shaped body. [potion of mutation]
  5521 | D:6      | Reached skill level 5 in Dodging
  5704 | D:6      | Reached skill level 6 in Unarmed Combat
  5712 | D:6      | Reached XP level 9. HP: 68/68 MP: 9/9
  5776 | D:6      | Found a radiant altar of Vehumet.
  6028 | D:6      | Reached skill level 5 in Evocations
  6044 | D:6      | Reached skill level 5 in Shapeshifting
  6271 | D:6      | Gained mutation: Your casting is slightly disrupted. [Ru
                  | sacrifice]
  6271 | D:6      | Reached ** piety under Ru
  6867 | D:7      | Found a transporter.
  6871 | D:7      | Noticed a toenail golem
  6876 | D:7      | Noticed Prince Ribbit
  6886 | D:7      | Killed Prince Ribbit
  7080 | D:7      | Found the +8 demon trident "Rift" {distort, reach+}
  7087 | D:7      | Found a transporter.
  7088 | D:7      | Found a one-way gate to the infinite horrors of the Abyss.
  7088 | D:7      | Noticed Lhightning's ghost (novice HOMo)
  7188 | D:7      | Noticed Joseph
  7195 | D:7      | Killed from afar by Joseph

Illustrated notes

Levels and vault maps discovered:
D:1:      psy_arrival_spokes, layout_basic, nicolae_eternal_life,
          wander_ebering_terrifying_dragon_lair
D:2:      minmay_diamond_boxcup, layout_rooms, guppyfry_early_orc_mine
D:3:      layout_loops_ring, overflow_temple_1_default,
          okawaru_altar_gauntlet_db
D:4:      layout_basic, minmay_temple_entry_ruins,
          serial_library_hellmonk_double_dead_end, hangedman_decor_peaks_small,
          dreamdust_princess_corridor, minmay_tree_intersection,
          dreamdust_gnoll_farm, uniq_grinder
D:5:      layout_loops_cross, minitemple
D:6:      layout_loops_ring, zin_treasury, vehumet_statue,
          minmay_misc_feat_hallway
D:7:      layout_loops_corners, gammafunk_temple_overflow_arena,
          gammafunk_ghost_abyssal_escape, uniq_joseph, uniq_duvessa,
          uniq_prince_ribbit1
Temple:   jpeg_temple_clearing

Skill      XL: |  1  2  3  4  5  6  7  8  9 |
---------------+----------------------------+-----
Unarmed Combat | 3 4 5 6 |  6.7
Evocations     | 1 2 3 4 5 |  5.8
Shapeshifting  | 1 2 3 4 5 |  5.3
Dodging        | 3 4 5 |  5.8
Fighting       | 4 5 |  5.3

Action                     |  1- 3 |  4- 6 |  7- 9 || total
---------------------------+-------+-------+-------++-------
  Melee: Unarmed           |   132 |   170 |    20 ||   322
         Short sword       |       |       |   267 ||   267
         Headbutt          |       |       |    65 ||    65
         Spear             |       |       |    28 ||    28
         Dagger            |       |       |     3 ||     3
 Invoke: Sacrifice Essence |       |     1 |     1 ||     2
    Use: Scroll            |     4 |     2 |     4 ||    10
         Potion            |       |     1 |     6 ||     7
 Armour: Robe              |    12 |       |       ||    12
         Leather armour    |    35 |   119 |   210 ||   364
  Dodge: Dodged            |    69 |   133 |   242 ||   444
